 Dungeon Crawl Stone Soup version 0.20-a0-296-gf222164 (webtiles) character file.

21579 Ijustatesigmund the Cleaver (level 12, -1/115 HPs)
             Began as a Hill Orc Monk on Dec 14, 2016.
             Was a Priest of Beogh.
             Slain by a death knight
             ... wielding a +2 broad axe
              (11 damage)
             ... on level 13 of the Dungeon.
             The game lasted 00:35:58 (17329 turns).

Ijustatesigmund the Cleaver (Hill Orc Monk)        Turns: 17329, Time: 00:35:58

Health: -1/115     AC: 19    Str: 16    XL:     12   Next: 91%
Magic:  14/22      EV: 11    Int: 10    God:    Beogh [***...]
Gold:   1018       SH: 11    Dex: 16    Spells: 11/11 levels left

rFire  . . .     SeeInvis .     p - +2 war axe (protect)
rCold  . . .     Gourm    .     r - +0 chain mail
rNeg   . . .     Faith    .     a - +1 shield
rPois  +         Spirit   .     (no helmet)
rElec  .         Reflect  .     (no cloak)
rCorr  .         Harm     .     C - +1 pair of gloves
MR     .....                    (no boots)
Stlth  ..........               (no amulet)
                                s - +5 ring of evasion
                                B - ring of poison resistance

@: vulnerable, protection aura
A: no striking features
a: Smiting, Renounce Religion


You were on level 13 of the Dungeon.
You worshipped Beogh.
Beogh was most pleased with you.
You were not hungry.

You visited 1 branch of the dungeon, and saw 13 of its levels.
You also visited: Ossuary.

You collected 1018 gold pieces.

Inventory:

Hand Weapons
 p - a +2 war axe of protection (weapon)
Armour
 a - a +1 shield (worn)
 r - a +0 chain mail (worn)
 C - a +1 pair of gloves (worn)
 I - a +0 plate armour
Jewellery
 e - an uncursed ring of protection from magic
 f - an uncursed ring of stealth
 j - a +3 ring of strength
 m - an uncursed ring of ice
 s - a +5 ring of evasion (right hand)
 w - an uncursed ring of flight
 z - an uncursed ring of positive energy
 B - a ring of poison resistance (left hand)
Wands
 b - a wand of enslavement (3/24)
 d - a wand of random effects (16/48)
 i - a wand of digging (17/24)
 l - a wand of lightning (0/15)
 q - a wand of teleportation (4/9)
 t - a wand of acid (0/15)
 u - a wand of confusion (0/48)
 y - a wand of lightning (2/15)
Scrolls
 h - 8 scrolls of remove curse
 k - 2 scrolls of amnesia
 o - 2 scrolls of recharging
 x - 3 scrolls of immolation
 E - 2 scrolls of magic mapping
Potions
 n - a potion of mutation
 v - a potion of brilliance
 A - a potion of lignification
 D - 2 potions of curing
 F - a potion of heal wounds
 H - a potion of invisibility
Comestibles
 c - 6 bread rations
 g - 4 meat rations


   Skills:
 - Level 13.4 Fighting
 - Level 14.7 Axes
 + Level 5.5 Armour
 - Level 2.4 Dodging
 - Level 1.5 Stealth
 - Level 5.1 Shields
 - Level 14.6 Invocations


You had 11 spell levels left.
You didn't know any spells.

Dungeon Overview and Level Annotations

Branches:
Dungeon (13/15)            Temple (0/1) D:4            Lair (0/6) D:9
    Orc (0/2) D:12
 Vaults: D:13-14

Altars:
Dithmenos
Elyvilon
Nemelex Xobeh
Okawaru
Qazlal
Sif Muna

Annotations:
D:11 Mefis's ghost, journeyman DEWz
D:13 1 runed door


Message History

Koronagh hits the phantasmal warrior but does no damage.
The phantasmal warrior hits you.
Your chain mail prevents you from hitting the death knight.
The death knight is severely wounded.
You hit the phantasmal warrior but do no damage.
Your weapon exudes an aura of protection.
The death knight hits you with an enchanted broad axe!
The phantasmal warrior blinks!
The phantasmal warrior hits you!
* * * LOW HITPOINT WARNING * * *
Your magical defenses are stripped away!
Koronagh looks satisfied for a moment.
Aiming: Smiting
Press: ? - help, Dir - move target cursor, f/p - death knight Smite: a death knight, wielding an enchanted broad axe and wearing a chain mail (severely wounded, reflecting injuries)
You smite the death knight!
The death knight is almost dead.
The death knight reflects your damage back at you!
* * * LOW HITPOINT WARNING * * *
The death knight hits you with an enchanted broad axe!
You die...

..#.##.....####.'...#
#.#.#
..'.##.#####....#...#
#...# ..#.##.+
....####...# #####
###....# .## #......#
..###+## #...#### ..#
#...# #.# #...# ..#
#..o# ..# #..@# ..#
#.Wp# #..W# +.#W####
#.#W...# #.#..#.#
#......# ####...#
#...#


You could see a death knight, 2 phantasmal warriors, a freezing wraith, a wraith
and the friendly Koronagh the orc priest.

Vanquished Creatures
  A hydra (D:12)
  5 two-headed ogres
  Nergalle (D:11)
  The ghost of Ijustatesigmund the Priest, a novice HOMo of Beogh (D:8)
  2 ugly things
  2 deep elf magi (D:12)
  2 cyclopes
  3 trolls
  2 hornets
  7 slime creatures (D:12)
  Prince Ribbit (D:6)
  3 hippogriffs
  A wraith (D:12)
  A wyvern (D:12)
  13 yaks
  A shadow (D:11)
  A hungry ghost (D:13)
  Eustachio (D:4)
  3 vampire mosquitoes (D:12)
  An acid dragon (D:12)
  A water moccasin (D:9)
  3 black bears
  2 phantoms (D:5)
  8 orc warriors
  2 ice beasts
  An eye of draining (D:12)
  8 ogres
  2 wolves (D:9)
  A necrophage (D:9)
  A crocodile (D:8)
  11 centaurs
  4 big kobolds
  An elf zombie (Ossuary)
  6 bullfrogs
  4 gnoll sergeants (D:12)
  A wyvern skeleton (D:12)
  5 scorpions
  A water moccasin skeleton (D:9)
  3 wights (D:10)
  An electric eel (D:9)
  6 howler monkeys (D:9)
  5 crimson imps
  5 quasits
  A centaur zombie (D:7)
  2 bullfrog zombies
  4 centaur skeletons
  2 jellies (D:10)
  6 orc priests
  3 bullfrog skeletons
  9 hounds
  15 orc wizards
  Jessica (D:2)
  An iguana (D:4)
  10 worker ants
  3 big kobold zombies (Ossuary)
  2 mummies (Ossuary)
  A hound skeleton (D:4)
  A howler monkey skeleton (D:9)
  2 worker ant zombies
  4 gnolls
  8 adders
  2 shadow imps
  An ooze (D:1)
  2 adder skeletons
  2 adder zombies
  4 worms
  A dart slug (D:1)
  2 leopard geckos
  40 orcs
  9 bats
  7 giant cockroaches
  A gnoll zombie (Ossuary)
  4 goblins
  6 hobgoblins
  6 jackals
  36 kobolds
  5 quokkas
  8 frilled lizards
  A giant cockroach zombie (D:5)
  2 goblin zombies (Ossuary)
  4 hobgoblin zombies (Ossuary)
  A leopard gecko skeleton (D:8)
  A leopard gecko zombie (D:5)
  3 orc zombies (Ossuary)
  A quokka skeleton (D:9)
  6 rats
  11 plants (D:4)
375 creatures vanquished.

Vanquished Creatures (collateral kills)
  A troll (D:12)
  A sky beast (D:13)
  A big kobold (D:12)
  A crimson imp (D:13)
  A gnoll (D:12)
  2 orcs (D:12)
7 creatures vanquished.

Vanquished Creatures (others)
  An unseen horror (D:10)
  An orc warrior (D:12)
  A gnoll (D:12)
  3 orcs
6 creatures vanquished.

Grand Total: 388 creatures vanquished

Notes
Turn   | Place    | Note
-------+----------+-------------------------------------------
     0 | D:1      | Ijustatesigmund the Hill Orc Monk began the quest for the Orb.
     0 | D:1      | Reached XP level 1. HP: 19/19 MP: 1/1
   153 | D:1      | Reached XP level 2. HP: 15/27 MP: 2/2
   729 | D:1      | Reached XP level 3. HP: 29/33 MP: 3/3
   772 | D:1      | Reached skill level 5 in Axes
  1238 | D:2      | Noticed Jessica
  1253 | D:2      | Killed Jessica
  1253 | D:2      | Reached XP level 4. HP: 34/41 MP: 4/4
  1798 | D:2      | Found a stormy altar of Qazlal.
  2643 | D:3      | Reached skill level 5 in Fighting
  2643 | D:3      | Reached skill level 1 in Shields
  2643 | D:3      | Reached XP level 5. HP: 25/48 MP: 5/5
  3482 | D:4      | Reached XP level 6. HP: 45/56 MP: 6/6
  3724 | D:4      | Found a sparkling altar of Nemelex Xobeh.
  3919 | D:4      | Noticed Eustachio
  3936 | D:4      | Killed Eustachio
  3936 | D:4      | Reached XP level 7. HP: 52/62 MP: 7/7
  4111 | D:4      | Found a staircase to the Ecumenical Temple.
  4488 | D:5      | Entered Level 5 of the Dungeon
  4749 | D:5      | Reached skill level 5 in Shields
  4927 | D:5      | Reached skill level 1 in Armour
  4927 | D:5      | Reached XP level 8. HP: 49/71 MP: 8/8
  5533 | D:6      | Noticed Prince Ribbit
  5558 | D:6      | Killed Prince Ribbit
  5586 | D:6      | Found a sand-covered staircase.
  5595 | Ossuary  | Entered an ossuary
  6176 | D:6      | Became a worshipper of Beogh the Brigand
  6176 | D:6      | Reached * piety under Beogh
  6176 | D:6      | Reached ** piety under Beogh
  6202 | D:6      | Reached XP level 9. HP: 81/81 MP: 9/9
  6540 | D:6      | Reached skill level 1 in Invocations
  6542 | D:6      | Found an iron altar of Okawaru.
  6718 | D:7      | Found a shadowy altar of Dithmenos.
  6718 | D:7      | Found a white marble altar of Elyvilon.
  6953 | D:7      | Reached skill level 5 in Invocations
  7438 | D:8      | Noticed a two-headed ogre
  7448 | D:8      | Killed a two-headed ogre
  7540 | D:8      | Noticed Ijustatesigmund's ghost (novice HOMo)
  7602 | D:8      | Killed Ijustatesigmund's ghost
  7602 | D:8      | Reached skill level 10 in Invocations
  7602 | D:8      | Reached XP level 10. HP: 48/88 MP: 15/18
  7775 | D:8      | Noticed a two-headed ogre
  7784 | D:8      | Killed a two-headed ogre
  8185 | D:8      | Found a deep blue altar of Sif Muna.
  8687 | D:9      | Noticed a two-headed ogre
  8698 | D:9      | Killed a two-headed ogre
  9741 | D:9      | Found a staircase to the Lair.
  9816 | D:9      | Reached XP level 11. HP: 82/94 MP: 21/21
 10299 | D:9      | Found a white marble altar of Elyvilon.
 10679 | D:9      | Reached skill level 10 in Axes
 11250 | D:10     | Entered Level 10 of the Dungeon
 11316 | D:10     | Noticed a two-headed ogre
 11331 | D:10     | Killed a two-headed ogre
 12208 | D:10     | Noticed a cyclops
 12211 | D:10     | Killed an unseen horror
 12217 | D:10     | Killed a cyclops
 12709 | D:10     | Reached skill level 10 in Fighting
 13449 | D:11     | Noticed a cyclops
 13461 | D:11     | Killed a cyclops
 13653 | D:11     | Noticed Mefis's ghost (journeyman DEWz)
 13935 | D:11     | Noticed Nergalle
 13938 | D:11     | Killed Nergalle
 14575 | D:12     | Reached XP level 12. HP: 93/110 MP: 22/22
 14667 | D:12     | Noticed a two-headed ogre
 14681 | D:12     | Killed a two-headed ogre
 15357 | D:12     | Found a staircase to the Orcish Mines.
 15390 | D:12     | Reached *** piety under Beogh
 15706 | D:12     | Noticed a seven-headed hydra
 15710 | D:12     | Killed a seven-headed hydra
 16813 | D:13     | Found a white marble altar of Elyvilon.
 16813 | D:13     | Noticed a daeva
 16919 | D:13     | Found a runed door.
 17010 | D:13     | Gained Koronagh as an ally
 17010 | D:13     | Reached skill level 5 in Armour
 17314 | D:13     | Noticed a death knight
 17329 | D:13     | Slain by a death knight

Vault maps used:
D:1:      eino_arrival_cavern_b
D:2:      nicolae_qazlal_eye_of_the_storm, uniq_jessica
D:3:      first_bread, kennysheep_generic_room_8
D:4:      kennysheep_kobold_camp, nemelex_xobeh_ov_fountains_minmay,
          uniq_eustachio
D:5:      minmay_misc_feat_nine_boxes
D:6:      nicolae_ossuary_entry_monument, okawaru_altar_gauntlet_db,
          uniq_prince_ribbit1
D:7:      gammafunk_temple_overflow_wave
D:8:      led_sif_pool, grunt_ogre_cave
D:9:      erik_lair_island, elyvilon_altar_5
D:10:     grunt_ministairs_3
D:11:     evilmike_library_of_no_secrets, uniq_nergalle
D:12:     kennysheep_orc_monster_closet_entryway, billiards_dpeg
D:13:     grunt_vaults_entry_fortified, lemuel_angel_altar
Ossuary:  minmay_ossuary_gauntlet

Skill      XL: |  1  2  3  4  5  6  7  8  9 10 11 12 |
---------------+-------------------------------------+-----
Fighting       | 4 5 6 8 11 13 | 13.4
Axes           | 5 6 7 8 9 12 14 | 14.7
Shields        | 1 2 4 5 |  5.1
Armour         | 1 4 5 |  5.5
Invocations    | 10 14 | 14.6
Dodging        | |  2.4
Stealth        | |  1.5

Action                   |  1- 3 |  4- 6 |  7- 9 | 10-12 || total
-------------------------+-------+-------+-------+-------++-------
Melee: Hand axe          |   101 |    55 |       |       ||   156
       War axe           |       |    98 |   510 |   936 ||  1544
Invok: Convert to Beogh  |       |       |     1 |       ||     1
       Smiting           |       |       |       |    28 ||    28
Evoke: Wand              |       |       |     6 |    25 ||    31
  Use: Scroll            |     2 |     8 |     6 |    13 ||    29
       Potion            |       |     1 |     9 |     2 ||    12
 Stab: Sleeping          |     1 |     6 |       |       ||     7
       Confused          |       |       |       |     2 ||     2
       Distracted        |       |       |       |     1 ||     1
  Eat: Chunk             |     1 |     9 |     6 |    13 ||    29
       Pizza             |       |       |     2 |       ||     2
       Fruit             |       |       |     2 |       ||     2
       Beef jerky        |       |       |     1 |    11 ||    12
       Bread ration      |       |       |       |     2 ||     2
Armor: Robe              |    23 |    22 |       |       ||    45
       Chain mail        |       |    14 |   231 |   307 ||   552
       Ring mail         |       |     3 |       |       ||     3
Dodge: Dodged            |    79 |    92 |   112 |   366 ||   649
Block: Shield            |       |    45 |   226 |   506 ||   777
